Anaheim Ducks vs Winnipeg Jets
Created - Thursday, March 14, 2024 at 06:48
Goals
|
| Anaheim Ducks |
0 |
3 |
2 |
5 |
| Winnipeg Jets |
1 |
2 |
0 |
3 |
|
Shots
|
| Anaheim Ducks |
5 |
9 |
20 |
34 |
| Winnipeg Jets |
5 |
14 |
12 |
31 |
|
1st period
1. Winnipeg Jets , Alex DeBrincat 18 (Connor McDavid 22, Nick Suzuki 22) at 18:43
Penalties :
Josh Manson (ANA) for High sticking (Double Minor) at 6:17, Sam Steel (WPG) for Holding Stick (Minor) at 12:26
2nd period
2. Anaheim Ducks , Brayden Schenn 7 (Chandler Stephenson 12, Mark Scheifele 22) at 5:25
3. Winnipeg Jets , Matthew Beniers 8 (Joel Armia 2) at 6:02
4. Anaheim Ducks , Mark Scheifele 16 (John Tavares 24, William Nylander 24) at 11:13 (PP)
5. Winnipeg Jets , Barclay Goodrow 1 (Matthew Beniers 6, Calen Addison 8) at 11:47
6. Anaheim Ducks , William Nylander 24 (Mark Scheifele 23, Alex Killorn 7) at 17:14
Penalties :
Alex Killorn (ANA) for Tripping (Minor) at 0:24, Nick Suzuki (WPG) for Roughing (Minor) at 6:25, Alex DeBrincat (WPG) for Hooking (Minor) at 10:55, Joshua Morrissey (ANA) for Interference (Minor) at 15:01, Alex Killorn (ANA) for Hooking (Minor) at 17:55
3rd period
7. Anaheim Ducks , John Tavares 14 (William Nylander 25, Mark Scheifele 24) at 0:08
8. Anaheim Ducks , Teuvo Teravainen 6 (J.T. Compher 9) at 15:20
Penalties :
Kaiden Guhle (WPG) for High sticking (Minor) at 4:59, Connor McDavid (WPG) for Boarding (Minor) at 8:18
Goalie Stats
James Reimer (ANA), 28 saves from 31 shots - (0.903), W, 3-2-1, 60:00 minutes
Spencer Knight (WPG), 29 saves from 34 shots - (0.853), L, 8-11-6, 60:00 minutes
Players Stats for Anaheim Ducks
Player Name G A P +/- PIM S H SB GA TA FO MP PP MP PK MP
------------------------------------------------------------------------------------
Alex Killorn 0 1 1 1 4 1 2 0 0 0 0/0 17:31 3:36 3:07
Brayden Schenn 1 0 1 1 0 5 0 0 1 1 4/5 16:27 3:36 2:38
Brenden Dillon 0 0 0 1 0 0 1 1 0 0 0/0 17:08 0:00 4:21
Calle Jarnkrok 0 0 0 1 0 1 1 0 0 0 0/1 9:59 0:01 0:00
Chandler Stephenson 0 1 1 1 0 1 1 0 0 0 13/21 19:24 3:36 5:14
Esa Lindell 0 0 0 0 0 0 1 0 1 1 0/0 19:30 0:00 5:05
Ivan Provorov 0 0 0 -1 0 0 1 1 1 1 0/0 23:33 4:18 5:17
J.T. Compher 0 1 1 1 0 0 0 1 0 0 4/10 14:31 0:08 4:13
John Tavares 1 1 2 -1 0 4 4 1 0 0 15/29 19:11 4:30 0:00
Josh Manson 0 0 0 -1 4 1 2 1 0 0 0/0 20:24 3:55 3:11
Joshua Morrissey 0 0 0 1 2 2 0 2 0 1 0/0 20:55 4:19 0:44
Mark Scheifele 1 3 4 -1 0 6 2 2 0 0 1/1 19:18 4:37 0:00
Mason Marchment 0 0 0 0 0 0 1 0 0 0 0/0 6:11 0:00 0:00
Max Domi 0 0 0 0 0 2 0 0 0 1 0/0 7:55 0:08 0:52
Morgan Rielly 0 0 0 2 0 2 2 2 0 0 0/0 18:37 3:56 1:14
Nazem Kadri 0 0 0 0 0 2 0 0 1 0 2/2 6:24 0:00 0:02
Teuvo Teravainen 1 0 1 1 0 5 0 0 1 0 0/1 13:26 0:00 3:46
William Nylander 1 2 3 -1 0 2 0 0 1 0 0/1 19:36 4:30 0:00
Players Stats for Winnipeg Jets
Player Name G A P +/- PIM S H SB GA TA FO MP PP MP PK MP
------------------------------------------------------------------------------------
Alex DeBrincat 1 0 1 0 2 4 1 0 2 0 3/5 21:36 5:13 3:42
Andrew Cogliano 0 0 0 0 0 0 1 2 0 0 0/0 15:21 4:25 0:00
Barclay Goodrow 1 0 1 -1 0 1 0 0 0 0 0/0 11:31 0:36 0:00
Calen Addison 0 1 1 -1 0 0 0 2 0 1 0/0 22:24 4:48 4:05
Connor McDavid 0 1 1 0 2 8 2 0 0 1 10/22 21:11 5:18 3:01
Dante Fabbro 0 0 0 1 0 3 2 0 0 0 0/0 26:50 5:08 4:09
Dylan Samberg 0 0 0 -1 0 0 1 1 0 0 0/0 10:46 0:00 0:00
Joel Armia 0 1 1 -1 0 0 1 0 1 0 2/2 12:40 0:00 1:52
Jordan Harris 0 0 0 -1 0 0 0 0 0 0 0/0 12:51 0:00 1:14
Kaapo Kakko 0 0 0 0 0 2 1 0 0 1 2/3 15:09 4:07 0:00
Kaiden Guhle 0 0 0 1 2 1 3 2 0 1 0/0 24:31 5:08 2:42
Klim Kostin 0 0 0 0 0 1 3 0 0 0 0/0 7:08 0:00 0:00
Lucas Raymond 0 0 0 0 0 3 3 1 0 0 1/1 21:53 5:13 4:00
Matthew Beniers 1 1 2 -1 0 3 1 0 0 2 5/10 11:44 0:49 0:00
Nathan Beaulieu 0 0 0 -1 0 1 1 1 0 0 0/0 22:37 4:48 4:18
Nick Suzuki 0 1 1 0 2 1 2 1 2 0 7/25 18:08 4:07 3:04
Pius Suter 0 0 0 0 0 1 1 0 0 0 0/0 8:05 0:00 0:49
Sam Steel 0 0 0 0 2 2 0 0 0 0 2/3 7:16 0:00 0:00
3 Stars
1 - Mark Scheifele (ANA)
2 - John Tavares (ANA)
3 - William Nylander (ANA)
Power Play
Anaheim Ducks - 1 on 5 Attempt(s) - 20.00%
Winnipeg Jets - 0 on 5 Attempt(s) - 0.00%
Penalty Kill
Anaheim Ducks - 5 on 5 Attempt(s) - 100.00%
- Score 0 goal in Penalty Kill
Winnipeg Jets - 4 on 5 Attempt(s) - 80.00%
- Score 0 goal in Penalty Kill
Team Stat
Anaheim Ducks - Hits : 18 - Faceoff Wins : 39 - Blocked Shots : 11 - Penalty Minutes : 10
Winnipeg Jets - Hits : 23 - Faceoff Wins : 32 - Blocked Shots : 10 - Penalty Minutes : 10
Official
Referees : Tim Peel and Jacob Brenk
Linesman : Thor Nelson and Jay Sharrers
Game Notes
No Game Note
Finance
Level 1 -- Attendance: 6000 (100.00%) -- Ticket Income $552,000
Level 2 -- Attendance: 4971 (99.42%) -- Ticket Income $273,405
Level 3 -- Attendance: 2715 (90.50%) -- Ticket Income $81,450
Level 4 -- Attendance: 5000 (100.00%) -- Ticket Income $110,000
Luxury Box -- Attendance: 931 (93.10%) -- Ticket Income $176,890
Game was played at the MTS Centre.
Total Attendance: 19617 (98.09%)
Total Ticket Income: $1,193,745
Other Income: $417,811
Total Income: $1,611,556
Anaheim Ducks
5 vs 5 Forward
Center Left Wing Right Wing Time % Phy DF OF
1 John Tavares William Nylander Mark Scheifele 40 1 1 3
2 Chandler Stephenson Brayden Schenn Alex Killorn 30 1 2 2
3 J.T. Compher Teuvo Teravainen Calle Jarnkrok 20 1 2 2
4 Nazem Kadri Max Domi Mason Marchment 10 1 2 2
5 vs 5 Defense
Defense Defense Time % Phy DF OF
1 Esa Lindell Joshua Morrissey 35 1 2 2
2 Brenden Dillon Morgan Rielly 35 1 2 2
3 Ivan Provorov Josh Manson 30 1 2 2
4 Morgan Rielly Esa Lindell 0 1 2 2
PowerPlay Forward
Center Left Wing Right Wing Time % Phy DF OF
1 John Tavares William Nylander Mark Scheifele 60 1 1 3
2 Chandler Stephenson Brayden Schenn Alex Killorn 40 0 1 4
PowerPlay Defense
Defense Defense Time % Phy DF OF
1 Joshua Morrissey Morgan Rielly 60 1 2 2
2 Josh Manson Ivan Provorov 40 1 2 2
Penalty Kill 4 Players Forward
Center Wing Time % Phy DF OF
1 Chandler Stephenson Alex Killorn 55 1 3 1
2 J.T. Compher Teuvo Teravainen 45 1 3 1
Penalty Kill 4 Players Defense
Defense Defense Time % Phy DF OF
1 Esa Lindell Brenden Dillon 50 1 3 1
2 Ivan Provorov Josh Manson 50 1 3 1
Penalty Kill - 3 Players Forward
Forward Time % Phy DF OF
1 Alex Killorn 50 1 3 1
2 Chandler Stephenson 50 1 3 1
Penalty Kill - 3 Players Defense
Defense Defense Time % Phy DF OF
1 Esa Lindell Brenden Dillon 50 1 3 1
2 Josh Manson Ivan Provorov 50 1 3 1
4 vs 4 Forward
Center Wing Time % Phy DF OF
1 John Tavares William Nylander 60 1 2 2
2 Chandler Stephenson Mark Scheifele 40 1 2 2
4 vs 4 Defense
Defense Defense Time % Phy DF OF
1 Esa Lindell Morgan Rielly 50 1 2 2
2 Ivan Provorov Brenden Dillon 50 1 2 2
Last Minutes Offensive
Center Left Wing Right Wing Defense Defense
John Tavares William Nylander Mark Scheifele Joshua Morrissey Morgan Rielly
Last Minutes Defensive
Center Left Wing Right Wing Defense Defense
Chandler Stephenson Alex Killorn Teuvo Teravainen Ivan Provorov Esa Lindell
Goaltenders
Starting : James Reimer
Backup : Linus Ullmark
Extra Forwards
Normal : William Nylander, John Tavares, Mark Scheifele - PP : John Tavares, Mark Scheifele - PK : Alex Killorn
Extra Defensemen
Normal : Esa Lindell, Morgan Rielly, Joshua Morrissey - PP : Joshua Morrissey - PK : Esa Lindell, Morgan Rielly
Penalty Shots
William Nylander, Teuvo Teravainen, Mark Scheifele, Calle Jarnkrok, Alex Killorn
Winnipeg Jets
5 vs 5 Forward
Center Left Wing Right Wing Time % Phy DF OF
1 Connor McDavid Alex DeBrincat Lucas Raymond 30 1 2 2
2 Nick Suzuki Andrew Cogliano Kaapo Kakko 30 1 2 2
3 Matthew Beniers Barclay Goodrow Joel Armia 25 1 2 2
4 Sam Steel Pius Suter Klim Kostin 15 1 2 2
5 vs 5 Defense
Defense Defense Time % Phy DF OF
1 Dante Fabbro Kaiden Guhle 30 1 2 2
2 Nathan Beaulieu Calen Addison 30 1 2 2
3 Dylan Samberg Jordan Harris 25 1 2 2
4 Dante Fabbro Kaiden Guhle 15 1 2 2
PowerPlay Forward
Center Left Wing Right Wing Time % Phy DF OF
1 Connor McDavid Alex DeBrincat Lucas Raymond 50 1 2 2
2 Nick Suzuki Andrew Cogliano Kaapo Kakko 50 1 2 2
PowerPlay Defense
Defense Defense Time % Phy DF OF
1 Dante Fabbro Kaiden Guhle 50 1 2 2
2 Nathan Beaulieu Calen Addison 50 1 2 2
Penalty Kill 4 Players Forward
Center Wing Time % Phy DF OF
1 Connor McDavid Nick Suzuki 50 1 2 2
2 Alex DeBrincat Lucas Raymond 50 1 2 2
Penalty Kill 4 Players Defense
Defense Defense Time % Phy DF OF
1 Dante Fabbro Kaiden Guhle 50 1 2 2
2 Nathan Beaulieu Calen Addison 50 1 2 2
Penalty Kill - 3 Players Forward
Forward Time % Phy DF OF
1 Connor McDavid 50 1 2 2
2 Nick Suzuki 50 1 2 2
Penalty Kill - 3 Players Defense
Defense Defense Time % Phy DF OF
1 Dante Fabbro Kaiden Guhle 50 1 2 2
2 Nathan Beaulieu Calen Addison 50 1 2 2
4 vs 4 Forward
Center Wing Time % Phy DF OF
1 Connor McDavid Nick Suzuki 50 1 2 2
2 Alex DeBrincat Lucas Raymond 50 1 2 2
4 vs 4 Defense
Defense Defense Time % Phy DF OF
1 Dante Fabbro Kaiden Guhle 50 1 2 2
2 Nathan Beaulieu Calen Addison 50 1 2 2
Last Minutes Offensive
Center Left Wing Right Wing Defense Defense
Connor McDavid Alex DeBrincat Lucas Raymond Dante Fabbro Kaiden Guhle
Last Minutes Defensive
Center Left Wing Right Wing Defense Defense
Connor McDavid Alex DeBrincat Lucas Raymond Dante Fabbro Kaiden Guhle
Goaltenders
Starting : Spencer Knight
Backup : Ukko-Pekka Luukkonen
Extra Forwards
Normal : Matthew Beniers, Barclay Goodrow, Joel Armia - PP : Matthew Beniers, Barclay Goodrow - PK : Joel Armia
Extra Defensemen
Normal : Dylan Samberg, Jordan Harris, Nathan Beaulieu - PP : Dylan Samberg - PK : Jordan Harris, Nathan Beaulieu
Penalty Shots
Connor McDavid, Nick Suzuki, Alex DeBrincat, Lucas Raymond, Matthew Beniers
% Time on Ice - Anaheim Ducks
Lines # - Real PCT - Wanted PCT - Time Play
Normal Forward
1 - 38% - 40% - 15:59
2 - 24% - 30% - 10:05
3 - 23% - 20% - 9:35
4 - 15% - 10% - 6:11
Normal Defense
1 - 36% - 35% - 15:07
2 - 36% - 35% - 15:06
3 - 28% - 30% - 11:37
4 - 0% - 0% - 0:00
PP Forward
1 - 56% - 60% - 4:38
2 - 44% - 40% - 3:36
PP Defense
1 - 52% - 60% - 4:19
2 - 48% - 40% - 3:55
PK Forward
1 - 62% - 55% - 6:10
2 - 38% - 45% - 3:46
PK Defense
1 - 39% - 50% - 3:55
2 - 61% - 50% - 6:01
PK3 Forward
1 - 0% - 50%
2 - 0% - 50%
PK3 Defense
1 - 0% - 50%
2 - 0% - 50%
44 Forward
1 - 0% - 60%
2 - 0% - 40%
44 Defense
1 - 0% - 50%
2 - 0% - 50%
Last Minute Offensive - 0:00
Last Minute Defensive - 0:00
Total
Forward - 60:00
Defense - 60:00
|
% Time on Ice - Winnipeg Jets
Lines # - Real PCT - Wanted PCT - Time Play
Normal Forward
1 - 31% - 30% - 12:53
2 - 26% - 30% - 11:04
3 - 26% - 25% - 10:45
4 - 17% - 15% - 7:08
Normal Defense
1 - 33% - 30% - 13:44
2 - 32% - 30% - 13:31
3 - 26% - 25% - 10:46
4 - 9% - 15% - 3:49
PP Forward
1 - 53% - 50% - 5:18
2 - 47% - 50% - 4:38
PP Defense
1 - 52% - 50% - 5:08
2 - 48% - 50% - 4:48
PK Forward
1 - 55% - 50% - 4:30
2 - 45% - 50% - 3:44
PK Defense
1 - 50% - 50% - 4:09
2 - 50% - 50% - 4:05
PK3 Forward
1 - 0% - 50%
2 - 0% - 50%
PK3 Defense
1 - 0% - 50%
2 - 0% - 50%
44 Forward
1 - 0% - 50%
2 - 0% - 50%
44 Defense
1 - 0% - 50%
2 - 0% - 50%
Last Minute Offensive - 0:00
Last Minute Defensive - 0:00
Total
Forward - 60:00
Defense - 60:00
|
Play-by-Play
1st period
0:01 of 1st period - Connor McDavid wins face-off versus John Tavares in neutral zone.
0:08 of 1st period - Snap shot by Lucas Raymond.
0:08 of 1st period - Stopped by James Reimer with a rebound.
0:10 of 1st period - Slapshot by Kaiden Guhle.
0:10 of 1st period - Deflect By Lucas Raymond.
0:10 of 1st period - Shot Misses the Net.
0:10 of 1st period - Puck is out of play.
0:11 of 1st period - Chandler Stephenson wins face-off versus Kaapo Kakko in Anaheim Ducks zone.
0:38 of 1st period - J.T. Compher is hit by Klim Kostin and loses puck.
1:05 of 1st period - Joel Armia is hit by Mark Scheifele and loses puck.
1:19 of 1st period - Dylan Samberg is hit by John Tavares and loses puck.
1:53 of 1st period - Off-side.
1:54 of 1st period - Chandler Stephenson wins face-off versus Connor McDavid in neutral zone.
2:07 of 1st period - Snap shot by Brayden Schenn.
2:07 of 1st period - Shot Misses the Net.
2:11 of 1st period - Wrist shot by Brayden Schenn.
2:11 of 1st period - Stopped by Spencer Knight without a rebound.
2:12 of 1st period - Nazem Kadri wins face-off versus Nick Suzuki in Winnipeg Jets zone.
3:06 of 1st period - Wrist shot by Klim Kostin.
3:06 of 1st period - Shot Misses the Net.
3:18 of 1st period - Nathan Beaulieu is hit by John Tavares and loses puck.
4:05 of 1st period - Josh Manson is hit by Kaiden Guhle and loses puck.
4:20 of 1st period - Snap shot by Chandler Stephenson.
4:20 of 1st period - Shot Blocked by Andrew Cogliano.
4:44 of 1st period - Mark Scheifele is hit by Klim Kostin and loses puck.
5:11 of 1st period - Wrist shot by Connor McDavid.
5:11 of 1st period - Stopped by James Reimer without a rebound.
5:12 of 1st period - Nick Suzuki wins face-off versus Chandler Stephenson in Anaheim Ducks zone.
5:47 of 1st period - Wrist shot by Lucas Raymond.
5:47 of 1st period - Shot Blocked by Joshua Morrissey.
6:04 of 1st period - Icing by Nathan Beaulieu.
6:05 of 1st period - Sam Steel wins face-off versus John Tavares in Winnipeg Jets zone.
6:17 of 1st period - Double Minor Penalty to Josh Manson for High sticking.
6:18 of 1st period - Chandler Stephenson wins face-off versus Connor McDavid in Anaheim Ducks zone.
6:18 of 1st period - Chandler Stephenson is hit by Connor McDavid.
6:50 of 1st period - Chandler Stephenson is hit by Nick Suzuki and loses puck.
7:08 of 1st period - Icing by Nathan Beaulieu.
7:09 of 1st period - Nick Suzuki wins face-off versus Chandler Stephenson in Winnipeg Jets zone.
7:26 of 1st period - Off-side.
7:27 of 1st period - Connor McDavid wins face-off versus Teuvo Teravainen in neutral zone.
9:46 of 1st period - Andrew Cogliano is hit by Morgan Rielly and loses puck.
10:00 of 1st period - Icing by Kaiden Guhle.
10:01 of 1st period - Brayden Schenn wins face-off versus Matthew Beniers in Winnipeg Jets zone.
10:04 of 1st period - Slapshot by Teuvo Teravainen.
10:04 of 1st period - Shot Misses the Net.
10:17 of 1st period - Penalty to Josh Manson is over, Josh Manson is back on ice.
10:25 of 1st period - Nathan Beaulieu is hit by Alex Killorn and loses puck.
10:32 of 1st period - Pius Suter is hit by Josh Manson and loses puck.
10:39 of 1st period - Alex Killorn is hit by Klim Kostin and loses puck.
11:00 of 1st period - Snap shot by Max Domi.
11:00 of 1st period - Stopped by Spencer Knight without a rebound.
11:01 of 1st period - Connor McDavid wins face-off versus John Tavares in Winnipeg Jets zone.
11:07 of 1st period - Off-side.
11:08 of 1st period - John Tavares wins face-off versus Connor McDavid in neutral zone.
11:15 of 1st period - Morgan Rielly is hit by Kaiden Guhle and loses puck.
11:38 of 1st period - Kaapo Kakko is hit by Calle Jarnkrok and loses puck.
12:26 of 1st period - Minor Penalty to Sam Steel for Holding Stick.
12:27 of 1st period - Connor McDavid wins face-off versus John Tavares in Winnipeg Jets zone.
13:07 of 1st period - Ivan Provorov is hit by Lucas Raymond and loses puck.
14:26 of 1st period - Penalty to Sam Steel is over, Sam Steel is back on ice.
15:23 of 1st period - Icing by Kaapo Kakko.
15:24 of 1st period - Kaapo Kakko wins face-off versus J.T. Compher in Winnipeg Jets zone.
15:59 of 1st period - Joel Armia is hit by John Tavares and loses puck.
16:29 of 1st period - Brayden Schenn is hit by Kaapo Kakko and loses puck.
17:28 of 1st period - Joel Armia is hit by John Tavares and loses puck.
17:33 of 1st period - Wrist shot by William Nylander.
17:33 of 1st period - Deflect By John Tavares.
17:33 of 1st period - Stopped by Spencer Knight with a rebound.
18:04 of 1st period - Snap shot by Max Domi.
18:04 of 1st period - Deflect By Nazem Kadri.
18:04 of 1st period - Stopped by Spencer Knight without a rebound.
18:05 of 1st period - Nazem Kadri wins face-off versus Nick Suzuki in Winnipeg Jets zone.
18:08 of 1st period - Snap shot by Nazem Kadri.
18:08 of 1st period - Shot Blocked by Dylan Samberg.
18:14 of 1st period - Max Domi is hit by Dylan Samberg and loses puck.
18:41 of 1st period - Snap shot by Alex DeBrincat.
18:41 of 1st period - Stopped by James Reimer with a rebound.
18:43 of 1st period - Snap shot by Alex DeBrincat.
18:43 of 1st period - Goal by Alex DeBrincat - Anaheim Ducks : 0 - Winnipeg Jets : 1.
18:44 of 1st period - John Tavares wins face-off versus Nick Suzuki in neutral zone.
18:51 of 1st period - Slapshot by Mark Scheifele.
18:51 of 1st period - Shot Blocked by Andrew Cogliano.
18:53 of 1st period - Slapshot by Josh Manson.
18:53 of 1st period - Deflect By Nick Suzuki.
18:53 of 1st period - Stopped by Spencer Knight without a rebound.
18:54 of 1st period - Nick Suzuki wins face-off versus John Tavares in Winnipeg Jets zone.
19:23 of 1st period - Wrist shot by Kaapo Kakko.
19:23 of 1st period - Stopped by James Reimer without a rebound.
19:24 of 1st period - Chandler Stephenson wins face-off versus Connor McDavid in Anaheim Ducks zone.
19:33 of 1st period - Snap shot by Alex Killorn.
19:33 of 1st period - Shot Misses the Net.
19:41 of 1st period - Wrist shot by Chandler Stephenson.
19:41 of 1st period - Shot Blocked by Calen Addison.
Goals for this period are 0 for Anaheim Ducks vs 1 for Winnipeg Jets.
Shots for this period are 5 for Anaheim Ducks vs 5 for Winnipeg Jets.
2nd period
0:01 of 2nd period - Connor McDavid wins face-off versus John Tavares in neutral zone.
0:14 of 2nd period - Wrist shot by Alex DeBrincat.
0:14 of 2nd period - Deflect By Lucas Raymond.
0:14 of 2nd period - Shot Misses the Net.
0:14 of 2nd period - Puck is out of play.
0:15 of 2nd period - Nick Suzuki wins face-off versus Chandler Stephenson in Anaheim Ducks zone.
0:21 of 2nd period - Snap shot by Kaiden Guhle.
0:21 of 2nd period - Stopped by James Reimer without a rebound.
0:22 of 2nd period - Brayden Schenn wins face-off versus Nick Suzuki in Anaheim Ducks zone.
0:24 of 2nd period - Minor Penalty to Alex Killorn for Tripping.
0:25 of 2nd period - Chandler Stephenson wins face-off versus Connor McDavid in Anaheim Ducks zone.
1:25 of 2nd period - Snap shot by Brayden Schenn.
1:25 of 2nd period - Stopped by Spencer Knight with a rebound.
2:24 of 2nd period - Penalty to Alex Killorn is over, Alex Killorn is back on ice.
2:30 of 2nd period - Nathan Beaulieu is hit by Alex Killorn.
3:37 of 2nd period - Snap shot by Matthew Beniers.
3:37 of 2nd period - Shot Misses the Net.
3:39 of 2nd period - Slapshot by Matthew Beniers.
3:39 of 2nd period - Stopped by James Reimer with a rebound.
4:11 of 2nd period - J.T. Compher is hit by Matthew Beniers.
4:40 of 2nd period - Mason Marchment is hit by Nathan Beaulieu and loses puck.
4:51 of 2nd period - Slapshot by Pius Suter.
4:51 of 2nd period - Shot Misses the Net.
4:53 of 2nd period - Wrist shot by Sam Steel.
4:53 of 2nd period - Shot Misses the Net.
5:03 of 2nd period - Wrist shot by Nick Suzuki.
5:03 of 2nd period - Stopped by James Reimer with a rebound.
5:05 of 2nd period - Slapshot by Nathan Beaulieu.
5:05 of 2nd period - Shot Blocked by Morgan Rielly.
5:07 of 2nd period - Snap shot by Nick Suzuki.
5:07 of 2nd period - Shot Blocked by Mark Scheifele.
5:09 of 2nd period - Slapshot by Nathan Beaulieu.
5:09 of 2nd period - Shot Blocked by Morgan Rielly.
5:25 of 2nd period - Wrist shot by Brayden Schenn.
5:25 of 2nd period - Goal by Brayden Schenn - Anaheim Ducks : 1 - Winnipeg Jets : 1.
5:26 of 2nd period - John Tavares wins face-off versus Connor McDavid in neutral zone.
5:30 of 2nd period - Icing by Ivan Provorov.
5:31 of 2nd period - Connor McDavid wins face-off versus John Tavares in Anaheim Ducks zone.
5:34 of 2nd period - Snap shot by Connor McDavid.
5:34 of 2nd period - Stopped by James Reimer with a rebound.
5:36 of 2nd period - Snap shot by Alex DeBrincat.
5:36 of 2nd period - Stopped by James Reimer with a rebound.
5:44 of 2nd period - Snap shot by Alex DeBrincat.
5:44 of 2nd period - Shot Blocked by John Tavares.
5:46 of 2nd period - Slapshot by Connor McDavid.
5:46 of 2nd period - Shot Blocked by Josh Manson.
6:02 of 2nd period - Slapshot by Matthew Beniers.
6:02 of 2nd period - Goal by Matthew Beniers - Anaheim Ducks : 1 - Winnipeg Jets : 2.
6:03 of 2nd period - Kaapo Kakko wins face-off versus Chandler Stephenson in neutral zone.
6:13 of 2nd period - Snap shot by Chandler Stephenson.
6:13 of 2nd period - Deflect By Brayden Schenn.
6:13 of 2nd period - Shot Blocked by Nick Suzuki.
6:13 of 2nd period - Puck is out of play.
6:14 of 2nd period - Chandler Stephenson wins face-off versus Nick Suzuki in Winnipeg Jets zone.
6:15 of 2nd period - Snap shot by Brayden Schenn.
6:15 of 2nd period - Deflect By Alex Killorn.
6:15 of 2nd period - Shot Misses the Net.
6:15 of 2nd period - Puck is out of play.
6:16 of 2nd period - Chandler Stephenson wins face-off versus Nick Suzuki in Winnipeg Jets zone.
6:23 of 2nd period - Slapshot by Brayden Schenn.
6:23 of 2nd period - Stopped by Spencer Knight with a rebound.
6:25 of 2nd period - Minor Penalty to Nick Suzuki for Roughing.
6:26 of 2nd period - Alex DeBrincat wins face-off versus John Tavares in Winnipeg Jets zone.
6:31 of 2nd period - Mark Scheifele is hit by Lucas Raymond and loses puck.
7:42 of 2nd period - Alex DeBrincat is hit by Josh Manson and loses puck.
8:03 of 2nd period - Pius Suter is hit by Chandler Stephenson and loses puck.
8:25 of 2nd period - Penalty to Nick Suzuki is over, Nick Suzuki is back on ice.
8:34 of 2nd period - Snap shot by Kaapo Kakko.
8:34 of 2nd period - Shot Misses the Net.
9:05 of 2nd period - Teuvo Teravainen is hit by Pius Suter and loses puck.
9:20 of 2nd period - Jordan Harris is hit by Mason Marchment and loses puck.
10:55 of 2nd period - Minor Penalty to Alex DeBrincat for Hooking.
10:56 of 2nd period - Joel Armia wins face-off versus John Tavares in Winnipeg Jets zone.
11:13 of 2nd period - Slapshot by Mark Scheifele.
11:13 of 2nd period - Goal by Mark Scheifele - Anaheim Ducks : 2 - Winnipeg Jets : 2.
11:14 of 2nd period - John Tavares wins face-off versus Connor McDavid in neutral zone.
11:17 of 2nd period - Backhand shot by John Tavares.
11:17 of 2nd period - Stopped by Spencer Knight with a rebound.
11:43 of 2nd period - Wrist shot by Matthew Beniers.
11:43 of 2nd period - Stopped by James Reimer with a rebound.
11:45 of 2nd period - Wrist shot by Matthew Beniers.
11:45 of 2nd period - Shot Misses the Net.
11:47 of 2nd period - Snap shot by Barclay Goodrow.
11:47 of 2nd period - Goal by Barclay Goodrow - Anaheim Ducks : 2 - Winnipeg Jets : 3.
11:48 of 2nd period - Chandler Stephenson wins face-off versus Nick Suzuki in neutral zone.
12:13 of 2nd period - Chandler Stephenson is hit by Dante Fabbro and loses puck.
12:24 of 2nd period - Wrist shot by Matthew Beniers.
12:24 of 2nd period - Shot Misses the Net.
12:44 of 2nd period - Snap shot by Sam Steel.
12:44 of 2nd period - Stopped by James Reimer without a rebound.
12:45 of 2nd period - John Tavares wins face-off versus Connor McDavid in Anaheim Ducks zone.
12:58 of 2nd period - Slapshot by Connor McDavid.
12:58 of 2nd period - Stopped by James Reimer without a rebound.
12:59 of 2nd period - John Tavares wins face-off versus Nick Suzuki in Anaheim Ducks zone.
12:59 of 2nd period - John Tavares is hit by Nick Suzuki.
13:30 of 2nd period - Snap shot by Teuvo Teravainen.
13:30 of 2nd period - Shot Hit the Post.
13:32 of 2nd period - Slapshot by Morgan Rielly.
13:32 of 2nd period - Shot Blocked by Nathan Beaulieu.
13:34 of 2nd period - Wrist shot by Teuvo Teravainen.
13:34 of 2nd period - Shot Blocked by Lucas Raymond.
15:01 of 2nd period - Minor Penalty to Joshua Morrissey for Interference.
15:02 of 2nd period - Connor McDavid wins face-off versus Chandler Stephenson in Anaheim Ducks zone.
15:02 of 2nd period - Wrist shot by Alex DeBrincat.
15:02 of 2nd period - Shot Misses the Net.
15:04 of 2nd period - Snap shot by Lucas Raymond.
15:04 of 2nd period - Shot Blocked by Ivan Provorov.
15:06 of 2nd period - Snap shot by Dante Fabbro.
15:06 of 2nd period - Deflect By Alex Killorn.
15:06 of 2nd period - Stopped by James Reimer without a rebound.
15:07 of 2nd period - Chandler Stephenson wins face-off versus Connor McDavid in Anaheim Ducks zone.
15:07 of 2nd period - Chandler Stephenson is hit by Kaiden Guhle.
15:33 of 2nd period - Off-side.
15:34 of 2nd period - Chandler Stephenson wins face-off versus Nick Suzuki in neutral zone.
16:03 of 2nd period - Backhand shot by Teuvo Teravainen.
16:03 of 2nd period - Deflect By Calen Addison.
16:03 of 2nd period - Stopped by Spencer Knight with a rebound.
16:43 of 2nd period - Ivan Provorov is hit by Andrew Cogliano and loses puck.
17:01 of 2nd period - Penalty to Joshua Morrissey is over, Joshua Morrissey is back on ice.
17:14 of 2nd period - Slapshot by William Nylander.
17:14 of 2nd period - Goal by William Nylander - Anaheim Ducks : 3 - Winnipeg Jets : 3.
17:15 of 2nd period - John Tavares wins face-off versus Nick Suzuki in neutral zone.
17:24 of 2nd period - Snap shot by Mark Scheifele.
17:24 of 2nd period - Stopped by Spencer Knight with a rebound.
17:26 of 2nd period - Slapshot by Joshua Morrissey.
17:26 of 2nd period - Stopped by Spencer Knight without a rebound.
17:27 of 2nd period - John Tavares wins face-off versus Nick Suzuki in Winnipeg Jets zone.
17:42 of 2nd period - Snap shot by Nick Suzuki.
17:42 of 2nd period - Shot Blocked by Mark Scheifele.
17:55 of 2nd period - Minor Penalty to Alex Killorn for Hooking.
17:56 of 2nd period - Chandler Stephenson wins face-off versus Connor McDavid in Anaheim Ducks zone.
18:20 of 2nd period - Calen Addison is hit by Brenden Dillon and loses puck.
18:27 of 2nd period - Slapshot by Nathan Beaulieu.
18:27 of 2nd period - Stopped by James Reimer with a rebound.
18:31 of 2nd period - Snap shot by Connor McDavid.
18:31 of 2nd period - Stopped by James Reimer with a rebound.
18:41 of 2nd period - Wrist shot by Connor McDavid.
18:41 of 2nd period - Shot Blocked by Brenden Dillon.
19:14 of 2nd period - Wrist shot by Lucas Raymond.
19:14 of 2nd period - Shot Misses the Net.
19:16 of 2nd period - Snap shot by Lucas Raymond.
19:16 of 2nd period - Shot Hit the Post.
19:18 of 2nd period - Snap shot by Lucas Raymond.
19:18 of 2nd period - Deflect By Connor McDavid.
19:18 of 2nd period - Stopped by James Reimer without a rebound.
19:19 of 2nd period - Chandler Stephenson wins face-off versus Nick Suzuki in Anaheim Ducks zone.
19:55 of 2nd period - Penalty to Alex Killorn is over, Alex Killorn is back on ice.
Goals for this period are 3 for Anaheim Ducks vs 2 for Winnipeg Jets.
Shots for this period are 9 for Anaheim Ducks vs 14 for Winnipeg Jets.
3rd period
0:01 of 3rd period - John Tavares wins face-off versus Connor McDavid in neutral zone.
0:08 of 3rd period - Snap shot by John Tavares.
0:08 of 3rd period - Goal by John Tavares - Anaheim Ducks : 4 - Winnipeg Jets : 3.
0:09 of 3rd period - Connor McDavid wins face-off versus John Tavares in neutral zone.
0:20 of 3rd period - Dante Fabbro is hit by Mark Scheifele and loses puck.
0:24 of 3rd period - Icing by Dante Fabbro.
0:25 of 3rd period - Alex DeBrincat wins face-off versus Chandler Stephenson in Winnipeg Jets zone.
0:41 of 3rd period - Icing by Joshua Morrissey.
0:42 of 3rd period - Chandler Stephenson wins face-off versus Nick Suzuki in Anaheim Ducks zone.
1:17 of 3rd period - Snap shot by Connor McDavid.
1:17 of 3rd period - Stopped by James Reimer with a rebound.
1:52 of 3rd period - Wrist shot by Pius Suter.
1:52 of 3rd period - Stopped by James Reimer with a rebound.
1:54 of 3rd period - Snap shot by Kaiden Guhle.
1:54 of 3rd period - Shot Misses the Net.
1:56 of 3rd period - Snap shot by Sam Steel.
1:56 of 3rd period - Shot Misses the Net.
1:58 of 3rd period - Wrist shot by Dante Fabbro.
1:58 of 3rd period - Stopped by James Reimer with a rebound.
2:35 of 3rd period - Wrist shot by Max Domi.
2:35 of 3rd period - Stopped by Spencer Knight without a rebound.
2:36 of 3rd period - John Tavares wins face-off versus Nick Suzuki in Winnipeg Jets zone.
2:43 of 3rd period - Snap shot by Mark Scheifele.
2:43 of 3rd period - Stopped by Spencer Knight with a rebound.
3:26 of 3rd period - Joel Armia is hit by Esa Lindell and loses puck.
3:33 of 3rd period - Slapshot by Calle Jarnkrok.
3:33 of 3rd period - Stopped by Spencer Knight with a rebound.
4:30 of 3rd period - Slapshot by Sam Steel.
4:30 of 3rd period - Stopped by James Reimer without a rebound.
4:31 of 3rd period - John Tavares wins face-off versus Nick Suzuki in Anaheim Ducks zone.
4:35 of 3rd period - Off-side.
4:36 of 3rd period - Nick Suzuki wins face-off versus William Nylander in neutral zone.
4:59 of 3rd period - Minor Penalty to Kaiden Guhle for High sticking.
5:00 of 3rd period - Alex DeBrincat wins face-off versus John Tavares in Winnipeg Jets zone.
6:59 of 3rd period - Penalty to Kaiden Guhle is over, Kaiden Guhle is back on ice.
7:19 of 3rd period - Brayden Schenn is hit by Joel Armia and loses puck.
7:30 of 3rd period - Icing by Klim Kostin.
7:31 of 3rd period - J.T. Compher wins face-off versus Sam Steel in Winnipeg Jets zone.
7:32 of 3rd period - Slapshot by Joshua Morrissey.
7:32 of 3rd period - Stopped by Spencer Knight with a rebound.
7:42 of 3rd period - Snap shot by Sam Steel.
7:42 of 3rd period - Shot Blocked by J.T. Compher.
7:44 of 3rd period - Slapshot by Dante Fabbro.
7:44 of 3rd period - Deflect By Teuvo Teravainen.
7:44 of 3rd period - Stopped by James Reimer with a rebound.
7:46 of 3rd period - Backhand shot by Sam Steel.
7:46 of 3rd period - Shot Blocked by Joshua Morrissey.
8:18 of 3rd period - Minor Penalty to Connor McDavid for Boarding.
8:19 of 3rd period - John Tavares wins face-off versus Alex DeBrincat in Winnipeg Jets zone.
8:47 of 3rd period - Snap shot by Morgan Rielly.
8:47 of 3rd period - Shot Misses the Net.
8:49 of 3rd period - Slapshot by Joshua Morrissey.
8:49 of 3rd period - Shot Misses the Net.
8:51 of 3rd period - Slapshot by Morgan Rielly.
8:51 of 3rd period - Stopped by Spencer Knight without a rebound.
8:52 of 3rd period - Brayden Schenn wins face-off versus Alex DeBrincat in Winnipeg Jets zone.
10:08 of 3rd period - Nick Suzuki is hit by Ivan Provorov and loses puck.
10:18 of 3rd period - Penalty to Connor McDavid is over, Connor McDavid is back on ice.
10:57 of 3rd period - Snap shot by Max Domi.
10:57 of 3rd period - Deflect By Nazem Kadri.
10:57 of 3rd period - Stopped by Spencer Knight with a rebound.
10:59 of 3rd period - Slapshot by Brenden Dillon.
10:59 of 3rd period - Shot Misses the Net.
11:01 of 3rd period - Slapshot by Morgan Rielly.
11:01 of 3rd period - Stopped by Spencer Knight without a rebound.
11:02 of 3rd period - Lucas Raymond wins face-off versus J.T. Compher in Winnipeg Jets zone.
11:07 of 3rd period - Esa Lindell is hit by Dante Fabbro and loses puck.
11:12 of 3rd period - Snap shot by Connor McDavid.
11:12 of 3rd period - Stopped by James Reimer without a rebound.
11:13 of 3rd period - John Tavares wins face-off versus Nick Suzuki in Anaheim Ducks zone.
11:40 of 3rd period - Joshua Morrissey is hit by Connor McDavid and loses puck.
11:45 of 3rd period - Wrist shot by Connor McDavid.
11:45 of 3rd period - Stopped by James Reimer without a rebound.
11:46 of 3rd period - Connor McDavid wins face-off versus Chandler Stephenson in Anaheim Ducks zone.
11:49 of 3rd period - Wrist shot by Alex DeBrincat.
11:49 of 3rd period - Stopped by James Reimer without a rebound.
11:50 of 3rd period - Connor McDavid wins face-off versus Brayden Schenn in Anaheim Ducks zone.
11:51 of 3rd period - Slapshot by Lucas Raymond.
11:51 of 3rd period - Stopped by James Reimer without a rebound.
11:52 of 3rd period - Brayden Schenn wins face-off versus Connor McDavid in Anaheim Ducks zone.
12:05 of 3rd period - Off-side.
12:06 of 3rd period - Nick Suzuki wins face-off versus John Tavares in neutral zone.
12:18 of 3rd period - Snap shot by William Nylander.
12:18 of 3rd period - Shot Misses the Net.
12:20 of 3rd period - Wrist shot by Ivan Provorov.
12:20 of 3rd period - Shot Misses the Net.
12:22 of 3rd period - Slapshot by Josh Manson.
12:22 of 3rd period - Shot Misses the Net.
12:32 of 3rd period - Ivan Provorov is hit by Alex DeBrincat and loses puck.
13:28 of 3rd period - Icing by J.T. Compher.
13:29 of 3rd period - Sam Steel wins face-off versus J.T. Compher in Anaheim Ducks zone.
13:58 of 3rd period - Wrist shot by Mark Scheifele.
13:58 of 3rd period - Stopped by Spencer Knight without a rebound.
13:59 of 3rd period - John Tavares wins face-off versus Nick Suzuki in Winnipeg Jets zone.
14:04 of 3rd period - Wrist shot by Mark Scheifele.
14:04 of 3rd period - Stopped by Spencer Knight with a rebound.
14:10 of 3rd period - Slapshot by Kaapo Kakko.
14:10 of 3rd period - Deflect By Mark Scheifele.
14:10 of 3rd period - Stopped by James Reimer without a rebound.
14:11 of 3rd period - Nick Suzuki wins face-off versus John Tavares in Anaheim Ducks zone.
14:28 of 3rd period - Snap shot by Mark Scheifele.
14:28 of 3rd period - Shot Misses the Net.
14:40 of 3rd period - Snap shot by Alex Killorn.
14:40 of 3rd period - Stopped by Spencer Knight without a rebound.
14:41 of 3rd period - Matthew Beniers wins face-off versus Chandler Stephenson in Winnipeg Jets zone.
14:48 of 3rd period - Slapshot by Chandler Stephenson.
14:48 of 3rd period - Stopped by Spencer Knight with a rebound.
14:50 of 3rd period - Slapshot by Ivan Provorov.
14:50 of 3rd period - Shot Blocked by Calen Addison.
14:52 of 3rd period - Backhand shot by Brayden Schenn.
14:52 of 3rd period - Stopped by Spencer Knight without a rebound.
14:53 of 3rd period - Mark Scheifele wins face-off versus Nick Suzuki in Winnipeg Jets zone.
15:06 of 3rd period - Wrist shot by Mark Scheifele.
15:06 of 3rd period - Stopped by Spencer Knight without a rebound.
15:07 of 3rd period - Matthew Beniers wins face-off versus J.T. Compher in Winnipeg Jets zone.
15:18 of 3rd period - Snap shot by Teuvo Teravainen.
15:18 of 3rd period - Stopped by Spencer Knight without a rebound.
15:19 of 3rd period - J.T. Compher wins face-off versus Matthew Beniers in Winnipeg Jets zone.
15:20 of 3rd period - Snap shot by Teuvo Teravainen.
15:20 of 3rd period - Goal by Teuvo Teravainen - Anaheim Ducks : 5 - Winnipeg Jets : 3.
15:21 of 3rd period - J.T. Compher wins face-off versus Matthew Beniers in neutral zone.
15:26 of 3rd period - Icing by Kaiden Guhle.
15:27 of 3rd period - Matthew Beniers wins face-off versus J.T. Compher in Winnipeg Jets zone.
15:32 of 3rd period - Snap shot by J.T. Compher.
15:32 of 3rd period - Deflect By Teuvo Teravainen.
15:32 of 3rd period - Stopped by Spencer Knight without a rebound.
15:33 of 3rd period - Matthew Beniers wins face-off versus Calle Jarnkrok in Winnipeg Jets zone.
16:00 of 3rd period - Calle Jarnkrok is hit by Lucas Raymond and loses puck.
16:11 of 3rd period - Slapshot by Lucas Raymond.
16:11 of 3rd period - Stopped by James Reimer with a rebound.
16:13 of 3rd period - Snap shot by Lucas Raymond.
16:13 of 3rd period - Deflect By Alex DeBrincat.
16:13 of 3rd period - Shot Misses the Net.
16:13 of 3rd period - Puck is out of play.
16:14 of 3rd period - John Tavares wins face-off versus Matthew Beniers in Anaheim Ducks zone.
16:19 of 3rd period - Wrist shot by William Nylander.
16:19 of 3rd period - Stopped by Spencer Knight with a rebound.
16:21 of 3rd period - Slapshot by Joshua Morrissey.
16:21 of 3rd period - Shot Blocked by Kaiden Guhle.
16:23 of 3rd period - Slapshot by Mark Scheifele.
16:23 of 3rd period - Shot Misses the Net.
16:25 of 3rd period - Slapshot by Esa Lindell.
16:25 of 3rd period - Shot Blocked by Kaiden Guhle.
16:27 of 3rd period - Wrist shot by John Tavares.
16:27 of 3rd period - Stopped by Spencer Knight without a rebound.
16:28 of 3rd period - Matthew Beniers wins face-off versus John Tavares in Winnipeg Jets zone.
16:55 of 3rd period - Klim Kostin is hit by Morgan Rielly and loses puck.
18:01 of 3rd period - Off-side.
18:02 of 3rd period - Joel Armia wins face-off versus J.T. Compher in neutral zone.
18:11 of 3rd period - Wrist shot by Teuvo Teravainen.
18:11 of 3rd period - Stopped by Spencer Knight without a rebound.
18:12 of 3rd period - J.T. Compher wins face-off versus Matthew Beniers in Winnipeg Jets zone.
18:39 of 3rd period - Wrist shot by Mark Scheifele.
18:39 of 3rd period - Shot Misses the Net.
19:13 of 3rd period - Wrist shot by Klim Kostin.
19:13 of 3rd period - Stopped by James Reimer with a rebound.
Goals for this period are 2 for Anaheim Ducks vs 0 for Winnipeg Jets.
Shots for this period are 20 for Anaheim Ducks vs 12 for Winnipeg Jets.
Back to the Top